Map: Blackburn LE

Players

Serral - Winner!

  • Race: Zerg Zerg
  • League: Grandmaster

Neeblet (Neeb)

  • Race: Protoss Protoss

Event: TSL 7

VOD

Have the link to the VOD?

Description

Time

  • Played on: June 13, 2021, 9:43 a.m.
  • Length: 14:38

All games in this series

Show
View Real Time Build Order
Export as new Build Order

Serral Zerg - Winner!

Build Orders: Pool First, Muta Ling Bane 

Get SALT Encoding   

  12  0:00  Drone  
  13  0:12  Overlord  
  13  0:17  Drone  
  14  0:30  Drone x2  
  14  0:34  Drone  
  17  0:46  Spawning Pool  
  16  1:04  Drone  
  17  1:09  Hatchery  
  16  1:13  Drone  
  17  1:26  Extractor  
  16  1:33  Queen, Zergling x6  
  21  1:44  Overlord  
  21  1:56  Drone  
  22  2:06  Drone  
  23  2:09  Queen  
  25  2:16  Drone  
  25  2:21  Queen  
  28  2:23  Drone  
  28  2:28  Metabolic Boost  
  30  2:30  Drone  
  30  2:32  Drone  
  31  2:37  Drone  
  31  2:41  Drone  
  31  2:42  Drone  
  31  2:43  Drone  
  35  2:47  Drone  
  36  2:52  Overlord  
  36  3:10  Hatchery, Drone  
  36  3:11  Drone  
  36  3:16  Overlord  
  36  3:17  Drone  
  37  3:20  Drone  
  37  3:22  Drone  
  37  3:25  Drone  
  37  3:26  Drone  
  41  3:32  Drone x2  
  43  3:37  Drone  
  43  3:38  Drone x2  
  45  3:43  Queen  
  45  3:48  Queen  
  49  3:51  Overlord  
  49  3:55  Overlord  
  49  3:57  Overlord  
  49  4:09  Spore Crawler x2  
  47  4:11  Zergling x6  
  47  4:12  Drone  
  47  4:14  Drone  
  47  4:15  Drone x2  
  47  4:16  Drone  
  55  4:18  Drone  
  55  4:22  Drone x2  
  55  4:24  Zergling x2  
  59  4:25  Drone  
  59  4:27  Drone  
  59  4:29  Drone  
  62  4:33  Roach Warren  
  62  4:34  Drone  
  62  4:36  Drone  
  62  4:41  Zergling x2  
  63  4:46  Zergling x2  
  63  4:48  Drone  
  63  4:50  Drone  
  66  4:53  Drone x3  
  66  4:57  Queen  
  66  4:58  Lair  
  70  5:01  Extractor  
  70  5:02  Drone, Spore Crawler  
  69  5:08  Drone x4  
  69  5:11  Overlord  
  69  5:13  Drone  
  73  5:15  Overlord  
  73  5:18  Overlord  
  72  5:25  Drone  
  73  5:29  Extractor  
  73  5:30  Drone x5, Extractor  
  73  5:33  Extractor x2  
  74  5:37  Evolution Chamber  
  74  5:40  Drone x3  
  74  5:42  Drone  
  77  5:44  Hatchery, Drone  
  77  5:45  Drone  
  77  5:48  Overlord  
  78  5:52  Drone  
  78  5:56  Drone x2  
  81  5:58  Drone x2  
  81  6:00  Drone x2  
  81  6:01  Drone x2  
  81  6:03  Overlord  
  87  6:07  Glial Reconstitution  
  87  6:08  Zerg Melee Weapons Level 1  
  87  6:15  Overlord  
  87  6:19  Roach x4  
  87  6:23  Spire  
  87  6:24  Roach  
  96  6:28  Baneling Nest  
  96  6:31  Roach x2  
  96  6:32  Roach  
  101  6:38  Overlord x2  
  101  6:42  Overlord  
  101  6:43  Roach x2  
  101  6:44  Roach x2  
  109  6:56  Drone x7  
  118  7:03  Extractor  
  118  7:06  Extractor  
  118  7:07  Overlord  
  118  7:08  Zergling x10, Roach  
  123  7:13  Centrifical Hooks  
  123  7:15  Zergling x8  
  127  7:18  Overlord  
  125  7:37  Mutalisk x5  
  125  7:38  Mutalisk x5  
  125  7:40  Roach x3  
  150  7:44  Roach x2  
  150  7:45  Roach  
  150  7:47  Zergling x6  
  150  7:50  Overlord  
  159  7:55  Zerg Flyer Weapons Level 1  
  159  7:56  Overlord, Infestation Pit  
  158  8:09  Ravager x5  
  158  8:10  Zergling x8  
  167  8:14  Drone  
  167  8:15  Drone x3  
  167  8:16  Drone x4  
  175  8:20  Baneling x10  
  175  8:26  Overlord  
  175  8:27  Zerg Melee Weapons Level 2  
  175  8:34  Hive  
  175  8:36  Evolution Chamber  
  175  8:40  Overlord  
  175  8:41  Overlord x3  
  174  8:42  Overlord  
  174  8:52  Zergling x16  
  174  8:53  Zergling x8  
  179  9:02  Zergling x22  
  167  9:11  Roach  
  167  9:12  Roach x5  
  167  9:16  Zerg Ground Armor Level 1  
  166  9:17  Zergling x2  
  166  9:18  Baneling x3  
  166  9:19  Baneling x8  
  163  9:24  Roach x6  
  163  9:27  Roach x2  
  175  9:34  Roach x4  
  175  9:35  Roach  
  175  9:38  Baneling x6  
  185  9:41  Zergling x2  
  185  9:42  Zergling x10  
  185  9:44  Overlord  
  191  9:56  Adrenal Glands  
  191  9:58  Drone  
  188  10:06  Hatchery  
  185  10:08  Mutalisk x7  
  185  10:10  Mutalisk  
  185  10:12  Zergling x2  
  200  10:20  Baneling  
  200  10:21  Baneling x10  
  200  10:27  Greater Spire  
  200  10:32  Overseer  
  199  10:43  Zerg Melee Weapons Level 3  
  199  10:46  Zergling x6  
  193  11:31  Zergling x4  
  193  11:32  Zergling x10  
  200  11:35  Zerg Ground Armor Level 2, Ultralisk Cavern  
  200  11:39  Extractor x2, Spore Crawler  
  196  11:42  Drone x2  
  196  11:43  Baneling  
  196  11:44  Baneling x9  
  196  11:45  Baneling  
  181  12:05  Zergling x42  
  195  12:11  Zergling x16  
  195  12:13  Zerg Flyer Weapons Level 2  
  195  12:14  Pathogen Glands  
  198  12:18  Baneling x13  
  198  12:26  Baneling x14  
  198  12:28  Chitinous Plating  
  196  12:37  Baneling x21  
  196  12:44  Zergling x8  
  200  12:46  Baneling x10  
  187  13:01  Hatchery  
  177  13:05  Zergling x2  
  177  13:06  Zergling x34  
  176  13:19  Ultralisk x5  
  196  13:23  Zergling x2  
  196  13:24  Zergling x14  
  200  13:27  Baneling x6  
  200  13:28  Baneling x8  
  200  13:47  Anabolic Synthesis  
  199  13:52  Baneling x10  
  197  13:55  Drone  
  197  13:56  Drone  
  199  14:06  Baneling x8  
  199  14:07  Baneling x4  
Show
View Real Time Build Order
Export as new Build Order

Neeblet Protoss 

Build Orders: 1 Gate Expand, Oracle Opening 

Get SALT Encoding   

  12  0:00  Probe  
  13  0:12  Probe  
  14  0:18  Pylon  
  14  0:24  Probe  
  14  0:28  Assimilator  
  15  0:36  Probe (Chrono Boost)  
  16  0:43  Gateway  
  16  0:48  Probe (Chrono Boost)  
  17  0:53  Probe (Chrono Boost)  
  18  1:03  Probe  
  19  1:15  Probe  
  20  1:23  Nexus  
  20  1:33  Cybernetics Core  
  20  1:35  Probe  
  21  1:40  Assimilator  
  21  1:47  Probe  
  21  1:50  Pylon  
  23  2:02  Probe  
  23  2:06  Adept (Chrono Boost)  
  23  2:12  Cybernetics Core  
  25  2:17  Probe  
  26  2:23  Stargate  
  26  2:27  Adept (Chrono Boost)  
  28  2:32  Probe  
  28  2:36  Probe  
  30  2:41  Warp Gate  
  30  2:44  Gateway  
  30  2:46  Probe (Chrono Boost)  
  30  2:48  Probe (Chrono Boost)  
  32  2:54  Adept  
  35  3:04  Probe (Chrono Boost)  
  35  3:05  Probe (Chrono Boost)  
  35  3:06  Void Ray (Chrono Boost)  
  35  3:10  Probe x2 (Chrono Boost)  
  41  3:20  Probe  
  41  3:24  Probe  
  41  3:25  Pylon  
  43  3:32  Probe  
  44  3:39  Probe  
  44  3:40  Oracle (Chrono Boost)  
  41  3:45  Probe  
  45  3:51  Probe, Adept x2  
  50  3:57  Probe  
  51  4:03  Probe  
  51  4:07  Pylon  
  51  4:09  Probe  
  53  4:15  Probe  
  53  4:16  Nexus  
  54  4:22  Oracle (Chrono Boost), Pylon  
  54  4:25  Probe  
  54  4:27  Probe  
  59  4:35  Adept  
  59  4:37  Probe  
  62  4:39  Pylon  
  62  4:42  Assimilator  
  62  4:45  Probe, Adept  
  64  4:46  Assimilator  
  64  4:49  Probe  
  66  4:58  Probe  
  67  5:01  Probe  
  68  5:10  Probe  
  68  5:11  Twilight Council, Forge  
  68  5:13  Probe, Robotics Facility  
  68  5:14  Shield Battery  
  66  5:22  Probe (Chrono Boost)  
  66  5:25  Probe (Chrono Boost)  
  64  5:30  Probe (Chrono Boost)  
  64  5:34  Probe (Chrono Boost)  
  67  5:36  Probe (Chrono Boost)  
  67  5:37  Gateway x2  
  67  5:38  Probe (Chrono Boost), Sentry x2  
  67  5:39  Probe (Chrono Boost)  
  67  5:41  Probe (Chrono Boost), Pylon  
  74  5:44  Probe, Protoss Ground Weapons Level 1  
  74  5:48  Probe  
  76  5:50  Blink  
  76  5:51  Probe  
  76  5:55  Pylon  
  76  5:56  Probe  
  78  6:00  Probe  
  78  6:01  Stalker x2  
  78  6:04  Probe  
  84  6:06  Immortal (Chrono Boost)  
  85  6:15  Probe  
  86  6:18  Photon Cannon  
  86  6:20  Photon Cannon  
  86  6:21  Probe x2  
  88  6:26  Assimilator  
  88  6:27  Probe  
  88  6:31  Robotics Bay  
  89  6:33  Probe, Assimilator  
  89  6:37  Sentry x2  
  94  6:44  Observer  
  94  6:45  Pylon  
  95  6:55  Gateway x2  
  95  6:57  Gateway, Nexus  
  95  6:59  Gateway, Pylon  
  95  7:01  Stalker x3  
  97  7:05  Stalker  
  103  7:13  Pylon  
  105  7:18  Disruptor (Chrono Boost)  
  105  7:22  Probe x3  
  109  7:24  Photon Cannon  
  109  7:26  Photon Cannon  
  109  7:29  Shield Battery  
  109  7:34  Probe x2  
  109  7:35  Probe  
  112  7:42  Disruptor (Chrono Boost)  
  115  7:46  Probe x2  
  115  7:47  Probe  
  118  7:53  Charge  
  118  7:57  Stalker x6  
  130  7:58  Probe  
  130  7:59  Probe, Pylon  
  130  8:00  Protoss Ground Weapons Level 2 (Chrono Boost)  
  132  8:08  Pylon  
  132  8:09  Pylon, Assimilator  
  132  8:11  Pylon  
  132  8:12  Assimilator  
  132  8:23  Stalker x5  
  142  8:27  Photon Cannon  
  142  8:29  Shield Battery  
  142  8:40  Forge  
  142  8:44  Stalker x3  
  148  8:55  Stalker x5  
  142  9:07  Probe x2  
  142  9:09  Probe  
  141  9:14  Assimilator  
  141  9:15  Pylon  
  142  9:17  Stalker x3  
  142  9:19  Stalker x3  
  150  9:24  Stalker  
  150  9:25  Stalker  
  153  9:37  Probe (Chrono Boost)  
  146  9:39  Probe x2 (Chrono Boost)  
  146  9:42  Stalker x4  
  146  9:43  Probe (Chrono Boost)  
  156  9:49  Probe (Chrono Boost)  
  156  9:51  Probe x2 (Chrono Boost)  
  154  9:53  Stalker x3  
  154  9:56  Probe (Chrono Boost)  
  154  9:57  Probe x3 (Chrono Boost)  
  160  10:06  Probe (Chrono Boost)  
  160  10:08  Probe x2 (Chrono Boost), Protoss Ground Armor Level 1 (Chrono Boost)  
  163  10:14  Probe (Chrono Boost)  
  163  10:15  Probe (Chrono Boost)  
  163  10:16  Probe x2 (Chrono Boost)  
  163  10:18  Photon Cannon  
  163  10:19  Shield Battery  
  163  10:20  Probe (Chrono Boost)  
  167  10:25  Probe x2  
  167  10:27  Probe  
  170  10:31  Templar Archives  
  170  10:35  Stalker  
  167  10:52  Stalker x2  
  167  10:53  Protoss Ground Weapons Level 3  
  167  10:54  Probe  
  167  10:55  Pylon  
  172  10:57  Pylon  
  172  10:58  Pylon  
  172  10:59  Pylon  
  172  11:02  Probe  
  172  11:03  Probe  
  172  11:04  Probe  
  172  11:09  Pylon  
  172  11:13  Probe  
  172  11:15  Probe  
  172  11:16  Shield Battery  
  172  11:18  Photon Cannon  
  174  11:25  Stalker x7  
  188  11:41  Fleet Beacon  
  188  11:43  Stargate  
  188  11:46  Photon Cannon  
  188  11:47  Stargate  
  188  11:48  Photon Cannon  
  188  11:50  Photon Cannon, High Templar x2  
  188  11:51  High Templar x2  
  196  11:55  Archon x2  
  175  12:03  Stalker  
  175  12:04  Stalker x3  
  175  12:05  Probe (Chrono Boost)  
  159  12:08  Disruptor (Chrono Boost)  
  159  12:10  Probe (Chrono Boost)  
  159  12:12  Probe x2 (Chrono Boost)  
  147  12:17  Probe (Chrono Boost)  
  147  12:21  Probe (Chrono Boost)  
  147  12:22  Probe x2 (Chrono Boost)  
  151  12:23  Probe (Chrono Boost)  
  151  12:26  Probe x2 (Chrono Boost)  
  151  12:27  Probe (Chrono Boost)  
  151  12:35  Probe (Chrono Boost)  
  156  12:38  Probe (Chrono Boost), Disruptor (Chrono Boost)  
  156  12:42  Probe (Chrono Boost)  
  156  12:44  Probe (Chrono Boost)  
  159  12:45  Probe (Chrono Boost)  
  159  12:46  Probe (Chrono Boost)  
  159  12:49  Probe (Chrono Boost)  
  159  12:51  High Templar x4  
  162  12:54  Probe  
  159  13:00  Probe  
  159  13:03  Probe, Stalker x4  
  159  13:05  Archon x2  
  134  13:14  Probe x3  
  134  13:15  Probe  
  122  13:25  Stalker x3  
  122  13:27  Probe x2  
  128  13:28  Probe x2  
  128  13:30  Pylon  
  130  13:38  High Templar x2, Sentry  
  130  13:39  Probe, Zealot x2  
  138  13:42  Archon  
  133  13:51  Probe x2  
  133  13:52  Probe x2  
  136  13:58  High Templar x2, Zealot  
  136  13:59  Zealot  
  136  14:01  Zealot  
  136  14:02  Archon  
  146  14:03  Probe  
  146  14:04  Disruptor (Chrono Boost)  
  150  14:10  Photon Cannon  
  150  14:12  Shield Battery  
  150  14:17  Stalker x3  
  150  14:22  Stalker x3  
Tags
 
Add a new tag
Caveats
  • Supply blocks, unpowered buildings, or Contaminate may cause inaccurate times.
  • Supply counts are checked every 10 seconds.